 Dungeon Crawl Stone Soup version 0.18.1-50-g88ac8fd (webtiles) character file.

2727 ringo67 the Geomancer (level 9, 0/52 HPs)
             Began as a Gargoyle Earth Elementalist on Oct 23, 2016.
             Was a Believer of Vehumet.
             Slain by drofenvy's ghost (13 damage)
             ... on level 7 of the Dungeon on Oct 24, 2016.
             The game lasted 01:04:06 (9010 turns).

ringo67 the Geomancer (Gargoyle Earth Elementalist) Turns: 9010, Time: 01:04:07

Health: 0/52       AC: 14    Str: 11    XL:     9   Next: 67%
Magic:  11/20      EV: 13    Int: 20    God:    Vehumet [**....]
Gold:   349        SH:  2    Dex: 10    Spells: 3 memorised, 14 levels left

rFire  . . .     SeeInvis .     A - +0 flail
rCold  . . .     Gourm    .     g - +2 robe {MR+}
rNeg   + + .     Faith    .     (no shield)
rPois  ∞         Spirit   .     m - +2 hat
rElec  +         Dismiss  .     (no cloak)
rCorr  .         Reflect  +     d - +0 pair of gloves
SustAt .         Harm     .     w - +1 pair of boots
MR     +....                    u - +2 amulet of reflection
Stlth  ++........               (no ring)
                                o - ring of positive energy

@: somewhat resistant to hostile enchantments, unstealthy
A: negative energy resistance 1, electricity resistance, unbreathing,
petrification resistance, rot immunity, AC +5
a: Renounce Religion


You were on level 7 of the Dungeon.
You worshipped Vehumet.
Vehumet was pleased with you.
You were not hungry.

You visited 2 branches of the dungeon, and saw 11 of its levels.

You collected 419 gold pieces.
You spent 70 gold pieces at shops.

Inventory:

Hand Weapons
 A - a +0 flail (weapon)
 K - a +0 flail of pain
Missiles
 b - 318 stones (quivered)
Armour
 d - a +0 pair of gloves (worn)
 g - a +2 robe of magic resistance (worn)
 m - a +2 hat (worn)
 w - a +1 pair of boots (worn)
Jewellery
 o - a ring of positive energy (left hand)
 s - an uncursed amulet of guardian spirit
 u - a +2 amulet of reflection (around neck)
Wands
 f - a wand of iceblast (9/15)
 k - a wand of lightning (4/15)
 p - a wand of polymorph (13/24)
 r - a wand of iceblast (7/15)
 y - a wand of iceblast (5/15)
 H - a wand of iceblast (13/15)
 I - a wand of confusion (20/48)
 J - a wand of teleportation (6/9)
 M - a wand of digging (16/24)
Scrolls
 a - a scroll of identify
 B - a scroll of recharging {unknown}
 C - a scroll of magic mapping {unknown}
 L - 2 scrolls of fog {unknown}
 N - a scroll of teleportation {unknown}
Potions
 e - 4 potions of mutation
 i - 3 potions of degeneration {unknown}
 j - a potion of haste {unknown}
 l - a potion of might {unknown}
 x - 3 potions of curing {unknown}
 z - 2 potions of lignification {unknown}
 E - a potion of resistance {unknown}
 O - a potion of brilliance {unknown}
Books
 c - a book of Geomancy

   Spells                             Type                      Level
   a - Sandblast                      Earth                        1
   b - Passwall                       Transmutation/Earth          2
   c - Stone Arrow                    Conjuration/Earth            3
   d - Petrify                        Transmutation/Earth          4
   e - Lee's Rapid Deconstruction     Earth                        5
Comestibles
 n - 5 meat rations
 t - 3 beef jerkies
 D - a slice of pizza
 F - 2 bread rations


   Skills:
 + Level 4.7 Fighting
 + Level 4.2 Maces & Flails
 + Level 3.6 Dodging
 - Level 2.1 Stealth
 + Level 7.8 Spellcasting
 - Level 2.5 Conjurations
   Level 0.7 Transmutations
 - Level 8.0 Earth Magic


You had 14 spell levels left.
You knew the following spells:

 Your Spells              Type           Power        Failure   Level  Hunger
a - Sandblast             Erth           #####.       1%          1    None
b - Stone Arrow           Conj/Erth      ####..       3%          3    None
c - Lee's Rapid Deconstr  Erth           #####.....   12%         5    #####..


Dungeon Overview and Level Annotations

Branches:
Dungeon (10/15)            Temple (1/1) D:4
   Lair: D:8-11         Orc: D:9-12

Altars:
Ashenzari
Cheibriados
Elyvilon
Fedhas
Nemelex Xobeh
Okawaru
Pakellas
Qazlal
Ru
Vehumet
Xom

Shops:
D:4 !   D:5 [

Annotations:
D:7 drofenvy's ghost, novice HuBe


Innate Abilities, Weirdness & Mutations

You are resistant to torment.
Your stone body is resilient (AC +5).
You are immune to poison.
You resist negative energy.
You are resistant to electric shocks.
You can survive without breathing.
You are immune to petrification.
You are immune to rotting.


Message History

Casting: Stone Arrow
Confirm with . or Enter, or press ? or * to list all spells.
Aiming: Stone Arrow
Press: ? - help, Shift-Dir - straight line, f/p - drofenvy's ghost
Aim: drofenvy's ghost (lightly damaged)
The stone arrow hits drofenvy's ghost.
Drofenvy's ghost is moderately damaged.
Drofenvy's ghost hits you!
* * * LOW HITPOINT WARNING * * *
There is an open door here.
Drofenvy's ghost stares at you.
As you read the scroll of fear, it crumbles to dust.
You assume a fearsome visage.
Drofenvy's ghost is unaffected.
Drofenvy's ghost hits you.
* * * LOW HITPOINT WARNING * * *
Found an elf skeleton.
Drofenvy's ghost screams in joy, "As in life, so in death: Kill!
Kill!!
Kill!!!"
There is a stone staircase leading down here.
Drofenvy's ghost hits you!
You die...

..........#<.....
.#.#####....######
...# #.........#
#..#####...#####.###
#.>................#
####.............#.##
#
#.###...#........####
#
#.....#.#.#.W........
#
###...#.#.#.#@#.#####
# #..<...#.#.#.# #
#..#...#.#.#.#
###..#####.#.#.#
#....# #.#.# #....#
#.#.# #....# #.#.#
#....#### #.#.## ####
# #........ #.#..
..#.#


You could see drofenvy's ghost.

Vanquished Creatures
  Prince Ribbit (D:6)
  A wyvern (D:8)
  A hungry ghost (D:5)
  A black bear (D:8)
  An ice beast (D:8)
  A phantom (D:6)
  A centaur (D:7)
  2 ogres
  2 giant frogs (D:8)
  A water moccasin zombie (D:5)
  6 killer bees
  5 wights
  A giant frog zombie (D:6)
  4 crimson imps
  3 hounds
  A jelly (D:7)
  8 orc priests
  2 iguanas (D:6)
  Jessica (D:3)
  A centaur skeleton (D:4)
  10 orc wizards
  A hound zombie (D:5)
  5 adders
  A shadow imp (D:8)
  An ooze (D:2)
  6 worms
  3 dart slugs
  21 orcs
  A giant cockroach (D:7)
  13 goblins
  11 hobgoblins
  4 quokkas
  A ball python (D:1)
  2 ball python skeletons
  4 bats
  A giant gecko zombie (D:5)
  4 giant newts
  7 kobolds
  2 quokka skeletons
  4 rats (D:3)
146 creatures vanquished.

Notes
Turn   | Place    | Note
--------------------------------------------------------------
     0 | D:1      | ringo67 the Gargoyle Earth Elementalist began the quest for the Orb.
     0 | D:1      | Reached XP level 1. HP: 10/10 MP: 3/3
   605 | D:1      | Reached XP level 2. HP: 15/15 MP: 0/5
  1107 | D:1      | Reached skill level 4 in Earth Magic
  1327 | D:2      | Reached XP level 3. HP: 19/19 MP: 1/7
  1836 | D:2      | Learned a level 3 spell: Stone Arrow
  2252 | D:3      | Reached XP level 4. HP: 24/24 MP: 5/8
  2326 | D:3      | Noticed Jessica
  2330 | D:3      | Killed Jessica
  3168 | D:4      | Found Cuer's Distillery.
  3189 | D:4      | Bought a potion of heal wounds for 50 gold pieces
  3288 | D:4      | Reached skill level 5 in Earth Magic
  3288 | D:4      | Reached XP level 5. HP: 28/28 MP: 4/11
  3796 | D:4      | Found a staircase to the Ecumenical Temple.
  3834 | Temple   | Entered the Ecumenical Temple
  3888 | Temple   | Became a worshipper of Vehumet
  4061 | D:4      | Reached skill level 1 in Conjurations
  4061 | D:4      | Reached XP level 6. HP: 32/32 MP: 4/12
  4363 | D:5      | Entered Level 5 of the Dungeon
  4363 | D:5      | Found Xiliuvin's Antique Armour Emporium.
  4369 | D:5      | Bought a runed robe for 20 gold pieces
  4474 | D:5      | Reached skill level 5 in Spellcasting
  4669 | D:5      | Reached skill level 6 in Earth Magic
  4669 | D:5      | Reached XP level 7. HP: 36/36 MP: 4/15
  5304 | D:6      | Reached skill level 1 in Maces & Flails
  5559 | D:6      | Reached skill level 1 in Fighting
  5790 | D:6      | Reached * piety under Vehumet
  5790 | D:6      | Offered knowledge of Magic Dart by Vehumet.
  6131 | D:6      | Reached XP level 8. HP: 37/44 MP: 1/16
  6665 | D:6      | Noticed Prince Ribbit
  6715 | D:6      | Killed Prince Ribbit
  6786 | D:5      | Reached skill level 7 in Earth Magic
  6978 | D:7      | Found a snail-covered altar of Cheibriados.
  6984 | D:7      | Found a shattered altar of Ashenzari.
  7207 | D:7      | Learned a level 5 spell: Lee's Rapid Deconstruction
  7236 | D:7      | You fall through a shaft for 3 floors!
  7236 | D:10     | Entered Level 10 of the Dungeon
  7473 | D:8      | Reached XP level 9. HP: 51/51 MP: 7/19
  8166 | D:8      | Offered knowledge of Throw Flame by Vehumet.
  8292 | D:8      | Reached ** piety under Vehumet
  8361 | D:9      | Reached skill level 8 in Earth Magic
  8913 | D:7      | Noticed drofenvy's ghost (novice HuBe)
  9010 | D:7      | Slain by drofenvy's ghost

Skill      XL: |  1  2  3  4  5  6  7  8  9 |
---------------+----------------------------+-----
Earth Magic    | 4 5 6 7 8 |  8.0
Spellcasting   | 3 4 5 6 7 |  7.8
Conjurations   | 1 2 |  2.5
Maces & Flails | 1 3 4 |  4.2
Fighting       | 2 3 4 |  4.7
Dodging        | 2 3 |  3.6
Stealth        | |  2.1
Transmutations | |  0.7

Action                   |  1- 3 |  4- 6 |  7- 9 || total
-------------------------+-------+-------+-------++-------
Melee: Whip              |    12 |       |       ||    12
       Unarmed           |     7 |       |       ||     7
       Dagger            |     6 |    51 |     1 ||    58
       Flail             |       |       |    91 ||    91
 Cast: Sandblast         |    72 |    65 |   156 ||   293
       Stone Arrow       |       |    20 |    45 ||    65
       Lee's Rapid Decon |       |       |     6 ||     6
Evoke: Wand              |       |       |     1 ||     1
  Use: Scroll            |     3 |     5 |     3 ||    11
       Potion            |       |       |     2 ||     2
  Eat: Chunk             |     4 |     5 |     3 ||    12
       Bread ration      |       |     1 |     2 ||     3
       Pizza             |       |       |     1 ||     1
       Meat ration       |       |       |     1 ||     1
Armor: Robe              |    14 |    44 |   110 ||   168
Dodge: Dodged            |    37 |    41 |   120 ||   198
Block: Other             |       |     1 |    14 ||    15
